 Dungeon Crawl Stone Soup version 0.30-a0-782-ge64f9170bb (webtiles) character file.

Game seed: 3252046307851310569

167894 Leeroy the Vine Stalker Blade (level 17, -26/85 HPs)
             Began as a Vine Stalker Monk on Mar 6, 2023.
             Was a Follower of Uskayaw.
             Killed from afar by Arachne (37 damage)
             ... with a poison arrow
             ... on level 3 of the Spider Nest.
             The game lasted 01:19:33 (32429 turns).

Leeroy the Vine Stalker Blade (Vine Stalker Monk)  Turns: 32429, Time: 01:19:33

Health: -26/85     AC: 26    Str: 20    XL:     17   Next: 93%
Magic:  0/28       EV: 28    Int: 13    God:    Uskayaw [*.....]
Gold:   2390       SH:  0    Dex: 36    Spells: 6/30 levels left

rFire   . . .      SeeInvis .    g - +5 triple sword (holy)
rCold   . . .      Faith    +    (shield currently unavailable)
rNeg    . . .      Spirit   +    j - +4 acid dragon scales
rPois   .          Reflect  .    C - +2 helmet {Int+3}
rElec   .          Harm     .    V - +2 cloak
rCorr   +          Rampage  .    n - +2 pair of gloves
Will    ++...                    G - +1 pair of boots of Mysint {Str+5}
Stlth   ++++                     K - amulet of faith
HPRegen 1.14/turn                a - +6 ring of dexterity
MPRegen 0.21/turn                R - +6 ring of dexterity

@: lethally poisoned (-26 -> -37), about to teleport, on blink cooldown, very
slightly contaminated
A: fangs 3, regeneration 1, magic shield, antimagic bite, no potion heal 2
a: Renounce Religion, Stomp


You were on level 3 of the Spider Nest.
You worshipped Uskayaw.
Uskayaw was noncommittal.
You visited 7 branches of the dungeon, and saw 31 of its levels.
You also visited: Sewer, Bailey, Gauntlet and Ice Cave.

You collected 3482 gold pieces.
You spent 1092 gold pieces at shops.

Inventory:

Hand Weapons
 f - the +7 lajatang of Order {silver, rMut}
   (You found it in a Gauntlet)

   rMut:      It protects you from mutation.
 g - a +5 triple sword of holy wrath (weapon)
 p - a +4 scimitar of distortion
 q - the +1 dagger of the Supporting Salmon {venom, rF+++ rC++ Dex-3}
   (You found it on level 3 of the Dungeon)

   Dex:       It affects your dexterity (-3).
   rF:        It renders you almost immune to fire.
   rC:        It greatly protects you from cold.
 H - the +5 rapier "Arbiter" {antimagic, SInv}
   (You found it on level 6 of the Dungeon)

   SInv:      It lets you see invisible.
 X - a +2 short sword of venom
Missiles
 e - 89 poisoned darts (quivered)
 l - 8 boomerangs of dispersal
 u - 15 curare-tipped darts
 y - a throwing net
Armour
 b - the +1 leather armour of the Sacrificial Victim {rPois rC+++ Dex-2 Slay-3}
   (You took it off a minotaur in a Gauntlet)

   Dex:       It affects your dexterity (-2).
   Slay:      It affects your accuracy & damage with ranged weapons and melee
   (-3).
   rC:        It renders you almost immune to cold.
   rPois:     It protects you from poison.
 j - +4 acid dragon scales (worn)
 n - a +2 pair of gloves (worn)
 C - a +2 helmet of intelligence (worn)
 G - the +1 pair of boots of Mysint (worn) {Str+5}
   (You found it on level 6 of the Dungeon)

   Str:       It affects your strength (+5).
 M - the +1 leather armour "Jaintiy" {rElec}
   (You found it on level 10 of the Dungeon)

   rElec:     It insulates you from electricity.
 Q - the +8 fire dragon scales of Jyung {*Corrode rPois rF++ rC- Dex-5 Stlth+}
   (You found it on level 4 of the Shoals)

   Dex:       It affects your dexterity (-5).
   rF:        It greatly protects you from fire.
   rC:        It makes you vulnerable to cold.
   rPois:     It protects you from poison.
   *Corrode:  It may corrode you when you take damage.
   Stlth:     It makes you more stealthy.
 V - a +2 cloak (worn)
Jewellery
 a - a +6 ring of dexterity (left hand)
 o - a ring of flight
 D - a ring of protection from cold
 K - an amulet of faith (around neck)
 L - a ring of protection from fire
 O - the ring of the Tortoise {AC+8}
   (You found it in a Gauntlet)

   [ring of protection]

   AC:        It affects your AC (+8).
 R - a +6 ring of dexterity (right hand)
 W - a ring of positive energy
Wands
 v - a wand of mindburst (10)
 A - a wand of paralysis (6)
 E - a wand of light (21)
 T - a wand of iceblast (7)
 Y - a wand of flame (36)
Scrolls
 d - 6 scrolls of fog
 h - 3 scrolls of silence
 r - 3 scrolls of brand weapon
 t - 15 scrolls of teleportation
 B - a scroll of fear
 I - 8 scrolls of poison
 N - 8 scrolls of magic mapping
 P - 6 scrolls of immolation
 Z - 6 scrolls of vulnerability
Potions
 c - 2 potions of ambrosia
 i - 13 potions of curing
 m - 4 potions of lignification
 s - 8 potions of might
 w - 2 potions of resistance
 x - 11 potions of attraction
 z - 7 potions of haste
 F - 7 potions of flight
 J - 4 potions of mutation
 S - 2 potions of invisibility
 U - 5 potions of brilliance
Miscellaneous
 k - a lightning rod (4/4)


   Skills:
 - Level 7.7 Fighting
 - Level 22.1 Long Blades
 - Level 12.0 Armour
 + Level 12.7 Dodging
 - Level 5.1 Stealth
 - Level 7.1 Spellcasting
 - Level 3.3 Translocations
 - Level 4.5 Air Magic
 - Level 5.1 Invocations


You had 6 spell levels left.
You knew the following spells:

 Your Spells              Type           Power      Damage    Failure   Level
a - Ensorcelled Hibernat  Hex/Ice        8%         N/A       26%         2
b - Passwall              Tmut/Erth      3%         N/A       26%         2
c - Swiftness             Air            16%        N/A       9%          3
d - Call Imp              Summ           4%         N/A       26%         2
e - Vhi's Electric Charg  Tloc/Air       28%        N/A       11%         3
f - Passage of Golubria   Tloc           13%        N/A       41%         4
g - Blink                 Tloc           26%        N/A       7%          2
h - Ozocubu's Armour      Ice            4%         N/A       47%         3
i - Kindle Blastsparks    Fire/Tloc/Air  22%        2d11      19%         3

Your spell library contained the following spells:

 Spells                   Type           Power      Damage    Failure   Level
 Poisonous Vapours        Pois/Air       20%        N/A       11%         2
 Gell's Gravitas          Tloc           13%        N/A       14%         3
 Teleport Other           Tloc           13%        N/A       14%         3
 Magic Dart               Conj           16%        1d3       19%         1
 Necrotise                Necr           16%        1d4       19%         1
 Slow                     Hex            16%        N/A       19%         1
 Sting                    Tmut/Pois      16%        1d3       19%         1
 Summon Small Mammal      Summ           16%        N/A       19%         1
 Airstrike                Air            8%         2d(2-18)  26%         4
 Mephitic Cloud           Conj/Pois/Air  8%         N/A       28%         3
 Call Canine Familiar     Summ           4%         N/A       47%         3
 Confusing Touch          Hex            4%         N/A       47%         3
 Ignite Poison            Fire/Tmut/Pois 4%         N/A       47%         3
 Inner Flame              Hex/Fire       4%         N/A       47%         3
 Stone Arrow              Conj/Erth      8%         3d7       47%         3
 Summon Guardian Golem    Hex/Summ       4%         N/A       47%         3
 Vampiric Draining        Necr           4%         2d6       47%         3
 Summon Lightning Spire   Summ/Air       10%        N/A       56%         4
 Animate Armour           Summ/Erth      8%         N/A       87%         4
 Cause Fear               Hex            2%         N/A       87%         4
 Olgreb's Toxic Radiance  Pois           4%         N/A       87%         4
 Summon Ice Beast         Ice/Summ       4%         N/A       87%         4
 Lightning Bolt           Conj/Air       5%         1d17      89%         5
 Freezing Cloud           Conj/Ice/Air   4%         6-21      95%         5
 Agony                    Necr           4%         N/A       99%         5
 Metabolic Englaciation   Hex/Ice        2%         N/A       99%         5
 Dispersal                Tloc           6%         N/A       100%        6
 Simulacrum               Ice/Necr       2%         N/A       100%        6
 Malign Gateway           Summ/Tloc      4%         N/A       100%        7
 Orb of Destruction       Conj           2%         9d5       100%        7
 Ozocubu's Refrigeration  Ice            2%         4d7       100%        7
 Spellforged Servitor     Conj/Summ      2%         N/A       100%        7
 Discord                  Hex            2%         N/A       100%        8
 Lehudib's Crystal Spear  Conj/Erth      2%         10d2      100%        8
 Polar Vortex             Ice            2%         N/A       100%        9


Dungeon Overview and Level Annotations

Branches:
Dungeon (15/15)            Temple (1/1) D:7            Lair (5/5) D:10
 Shoals (4/4) Lair:2       Spider (3/4) Lair:3        Slime (0/5) Lair:5
    Orc (2/2) D:11            Elf (0/3) Orc:2        Vaults (0/5) D:13
 Depths (1/4) D:15          Sewer (visited)          Bailey (visited)
  IceCv (visited)         Gauntlet (visited)

Altars:
Ashenzari
Cheibriados
Dithmenos
Elyvilon
Fedhas
Gozag
Hepliaklqana
Kikubaaqudgha
Makhleb
Nemelex Xobeh
Okawaru
Qazlal
Ru
Sif Muna
Trog
Uskayaw
Vehumet
Wu Jian
Xom
Yredelemnul
Zin
The Shining One
Jiyva

Shops:
D:3 *   D:12 !   Orc:1 *   Orc:2 :[=?

Annotations:
Lair:5 1 runed translucent door
Spider:1 Frances
Spider:3 Arachne


Innate Abilities, Weirdness & Mutations

You have razor-sharp teeth.
Your natural rate of healing is unusually fast.
When hurt, damage is shared between your health and your magic reserves.
Your bite disrupts and absorbs the magic of your enemies.
Potions cannot restore your health.


Message History

You closely miss Arachne. You bite Arachne, but do no damage.
Arachne is lightly wounded.
You feel sick.
Arachne hits you with a staff of poison!
Arachne envenoms you!
You are more poisoned.
Okay, then.
Okay, then.
Casting: Vhi's Electric Charge (dangerous; 11% risk of failure)
Confirm with . or Enter, or press ? or * to list all spells.
You miscast Blink.
You are very lightly contaminated with residual magic.
Nothing appears to happen.
You feel sick. Arachne barely misses you. The pharaoh ant closely misses you.
The pharaoh ant attacks as you move away!
The pharaoh ant misses you.
You feel sick.
Arachne says, "You'll find yourself a bit attached to my weave."
Arachne mumbles some strange words.
Arachne blinks!
Arachne says, "Come closer, little fly."
Arachne barely misses you.
Casting: Blink (safe; 7% risk of failure)
Confirm with . or Enter, or press ? or * to list all spells.
You blink.
You feel sick.
Okay, then.
As you read the scroll of teleportation, it crumbles to dust.
You feel strangely unstable.
You feel sick.
You are no longer poisoned.
Arachne mumbles some strange words.
Arachne blinks!
The pharaoh ant completely misses you.
Arachne stares at you and mumbles some strange words.
The bolt of poison hits you!!
You are poisoned.
* * * LOW HITPOINT WARNING * * *
The pharaoh ant misses you.
Your system rejects the healing.
You feel better. Arachne casts a spell at you. The poison arrow hits you!!!
You are lethally poisoned!
You die...

##.### #..###### ##### ##..#
#####.###... #...# #.###
##..#^###..## ##^.####.#
###.#..#..###.. #.##.###.#
##.#.##......### #..##^...#
##..#..#.....####
##.###...###.##.###..#...#^#
#...##...#HB..### ####.....#
##..#...##^@.## ##.<...
#^.##.##.#### ##....
#..###### ##... ##.# ####...
#.## ##...... ##.# ##..†..#.
###..# ##^.....## ###..###
#......#.# ##...##
##.....#..


You could see Arachne and a pharaoh ant.

Vanquished Creatures
  Bai Suzhen (Spider:3)
  Polyphemus (Shoals:2)
  An emperor scorpion (Spider:3)
  A ghost moth (Spider:1)
  A very ugly thing (D:15)
  A spark wasp (Spider:3)
  A minotaur (Gauntlet)
  3 merfolk javelineers
  An entropy weaver (shapeshifter) (D:15)
  An ettin (D:15)
  2 merfolk impalers (Shoals:3)
  6 entropy weavers
  A great orb of eyes (Gauntlet)
  6 hydras
  A yaktaur captain (D:10)
  3 boulder beetles
  An ogre mage (D:10)
  2 vault guards (Bailey)
  3 catoblepae
  4 centaur warriors
  4 jorogumos (Spider:1)
  A radroach (Spider:3)
  An alligator snapping turtle (Shoals:4)
  2 death yaks (Shoals:1)
  2 merfolk avatars (Shoals:2)
  6 merfolk aquamancers
  5 satyrs
  3 two-headed ogres
  A death knight (D:13)
  Urug (Orc:1)
  3 tengu warriors
  A hell knight (D:15)
  A deep elf knight (D:15)
  3 orc high priests (Orc:2)
  4 pharaoh ants
  A fire crab (Gauntlet)
  A skeletal warrior (D:14)
  3 skysharks
  4 sea snakes
  A flayed ghost (D:15)
  3 orb spiders
  3 wizards
  An obsidian statue (D:15)
  7 harpies
  A necromancer (D:10)
  3 orc sorcerers (Orc:2)
  4 steelbarb worms
  11 wolf spiders
  7 orc knights
  5 deep elf pyromancers
  8 cyclopes
  3 fauns (Shoals:2)
  14 ugly things
  15 manticores
  21 elephants
  8 merfolk sirens
  A moth of wrath (Lair:3)
  3 ice statues (IceCv)
  A torpor snail (Spider:3)
  3 black mambas
  3 water nymphs
  4 cane toads
  2 cane toads (shapeshifter) (D:15)
  3 demonic crawlers
  4 gargoyles
  A kobold demonologist (D:8)
  4 rime drakes
  2 unseen horrors
  6 komodo dragons
  A yaktaur (D:14)
  2 yaktaurs (shapeshifter)
  3 freezing wraiths
  6 trolls
  22 merfolk
  10 meliai
  2 wolf spider simulacra
  A hornet (D:8)
  11 polar bears
  6 tarantellas
  4 wind drakes
  20 blink frogs
  Prince Ribbit (Bailey)
  A raiju (shapeshifter) (D:10)
  A dream sheep (Lair:5)
  5 snapping turtles
  A raiju (Lair:5)
  28 jumping spiders
  9 culicivoras
  23 yaks
  A centaur simulacrum (D:13)
  16 water elementals
  3 wraiths
  4 slime creatures
  3 shadows
  4 wyverns
  A vampire (D:10)
  3 dire elephant simulacra (IceCv)
  A basilisk (D:15)
  3 humans (Bailey)
  4 fire bats (Gauntlet)
  3 death yak simulacra
  39 redbacks
  10 vampire mosquitoes
  2 steam dragons
  A warg (shapeshifter) (D:13)
  9 wargs
  A hydra simulacrum (IceCv)
  3 acid dragons
  16 hell hounds (Lair:5)
  10 water moccasins
  11 black bears (Lair:5)
  A swamp drake (D:11)
  3 ice beasts
  A sky beast (D:8)
  28 orc warriors
  5 ogres
  A boggart (D:10)
  21 wolves
  2 centaurs (D:7)
  14 kobold brigands
  17 bullfrogs
  A necrophage (D:4)
  2 scorpions
  2 cane toad simulacra
  8 wights
  14 killer bees
  6 howler monkeys
  2 electric eels
  28 orc priests
  A hound (D:6)
  3 iguanas (D:6)
  A gnoll bouda (D:6)
  28 orc wizards
  2 spriggan simulacra (D:13)
  6 hell rats (Lair:2)
  A polar bear simulacrum (IceCv)
  A troll simulacrum (D:13)
  6 small abominations (Gauntlet)
  4 wolf simulacra
  A boggart simulacrum (D:13)
  13 gnolls
  A river rat (Sewer)
  5 adders
  A naga simulacrum (D:13)
  6 white imps
  5 ufetubi
  3 worms
  A dart slug (D:3)
  79 orcs
  11 ball pythons
  5 bats
  7 endoplasms
  7 giant cockroaches
  10 goblins
  6 hobgoblins
  10 jackals
  9 quokkas
  3 frilled lizards (D:3)
  34 kobolds
  7 rats
978 creatures vanquished.

Vanquished Creatures (others)
  A redback (Spider:3)
  An ogre (Orc:2)
  An orc priest (Orc:2)
  An iguana (D:5)
  An orc wizard (Orc:2)
  2 adders (D:5)
  2 orcs
  29 fungi
  66 plants
104 creatures vanquished.

Grand Total: 1082 creatures vanquished

Notes
Turn   | Place    | Note
-------+----------+-------------------------------------------
     0 | D:1      | Leeroy the Vine Stalker Monk began the quest for the Orb.
     0 | D:1      | Reached XP level 1. HP: 11/11 MP: 2/2
   233 | D:1      | Reached skill level 3 in Long Blades
   237 | D:1      | Reached XP level 2. HP: 14/16 MP: 1/3
   499 | D:1      | Reached XP level 3. HP: 19/19 MP: 4/4
   984 | D:2      | Reached skill level 4 in Long Blades
  1255 | D:3      | Found Ysuse's Assorted Antiques.
  1336 | D:3      | Identified the +1 dagger of the Supporting Salmon {venom,
                  | rF+++ rC++ Dex-3}
  1411 | D:3      | Gained mutation: Your natural rate of healing is unusually
                  | fast. [Vine Stalker growth]
  1411 | D:3      | Reached XP level 4. HP: 23/23 MP: 5/5
  1455 | D:3      | Found a glowing drain.
  1493 | Sewer    | Entered a sewer
  1562 | Sewer    | Reached XP level 5. HP: 27/27 MP: 6/6
  1627 | Sewer    | Reached skill level 5 in Stealth
  1660 | Sewer    | Noticed a kobold brigand
  1678 | Sewer    | Killed a kobold brigand
  1703 | Sewer    | Noticed a kobold brigand
  1717 | Sewer    | Killed a kobold brigand
  1718 | Sewer    | Reached skill level 5 in Long Blades
  1718 | Sewer    | Reached XP level 6. HP: 32/32 MP: 5/7
  1896 | Sewer    | Identified a scroll of acquirement
  1899 | Sewer    | Acquired a manual of Long Blades
  2571 | D:4      | Reached skill level 6 in Long Blades
  2627 | D:5      | Entered Level 5 of the Dungeon
  2801 | D:4      | HP: 1/32 [orc priest/nerve-wracking pain (8)]
  2805 | D:4      | Reached skill level 7 in Long Blades
  2805 | D:4      | Reached XP level 7. HP: 5/35 MP: 1/8
  3059 | D:4      | Found an ancient bone altar of Kikubaaqudgha.
  3680 | D:5      | Reached skill level 8 in Long Blades
  3880 | D:5      | Found a shimmering altar of Xom.
  3902 | D:6      | Identified the +1 pair of boots of Mysint {Str+5}
  3913 | D:6      | Identified the +5 rapier "Arbiter" {antimagic, SInv}
  4140 | D:6      | Learned a level 2 spell: Ensorcelled Hibernation
  4209 | D:6      | Reached skill level 9 in Long Blades
  4335 | D:6      | Reached skill level 10 in Long Blades
  4335 | D:6      | Gained mutation: You have razor-sharp teeth. [Vine Stalker
                  | growth]
  4335 | D:6      | Reached XP level 8. HP: 9/39 MP: 7/9
  4673 | D:6      | Found an ornate altar of the Wu Jian Council.
  4888 | D:7      | Reached skill level 11 in Long Blades
  5202 | D:7      | Found a flagged portal.
  5224 | Bailey   | Entered a bailey
  5228 | Bailey   | Learned a level 2 spell: Passwall
  5247 | Bailey   | Reached skill level 5 in Dodging
  5247 | Bailey   | Reached XP level 9. HP: 34/43 MP: 10/10
  5450 | Bailey   | Reached skill level 5 in Fighting
  5491 | Bailey   | Noticed Prince Ribbit
  5491 | Bailey   | Noticed a vault guard
  5511 | Bailey   | Killed Prince Ribbit
  5525 | Bailey   | Killed a vault guard
  5526 | Bailey   | Reached skill level 12 in Long Blades
  5526 | Bailey   | Reached XP level 10. HP: 13/51 MP: 5/11
  5604 | Bailey   | Noticed a vault guard
  5611 | Bailey   | Killed a vault guard
  5612 | Bailey   | Reached skill level 13 in Long Blades
  5970 | D:7      | Found a staircase to the Ecumenical Temple.
  6026 | Temple   | Entered the Ecumenical Temple
  6265 | Temple   | Became a worshipper of Uskayaw the Reveller
  6265 | Temple   | Reached * piety under Uskayaw
  6301 | D:7      | Reached ** piety under Uskayaw
  6305 | D:7      | Reached *** piety under Uskayaw
  6721 | D:8      | Reached skill level 1 in Spellcasting
  6885 | D:8      | Reached **** piety under Uskayaw
  6891 | D:8      | Reached ***** piety under Uskayaw
  7019 | D:8      | Noticed a kobold demonologist
  7028 | D:8      | Noticed a sun demon
  7028 | D:8      | Killed a kobold demonologist
  7039 | D:8      | Reached ****** piety under Uskayaw
  7040 | D:8      | Reached skill level 5 in Spellcasting
  7498 | D:8      | Found a bloodstained altar of Trog.
  7921 | D:9      | Reached skill level 14 in Long Blades
  7944 | D:9      | Reached XP level 11. HP: 56/56 MP: 18/20
  8533 | D:10     | Entered Level 10 of the Dungeon
  8533 | D:10     | Found a shadowy altar of Dithmenos.
  8631 | D:10     | Reached skill level 1 in Invocations
  8758 | D:10     | Noticed a centaur warrior
  8766 | D:10     | Killed a centaur warrior
  8984 | D:10     | Found a staircase to the Lair.
  9095 | D:10     | Found a broken altar of Ashenzari.
  9098 | D:10     | Found a white marble altar of Elyvilon.
  9102 | D:10     | Found a blossoming altar of Fedhas.
  9130 | D:10     | Noticed an orc knight
  9137 | D:10     | Reached skill level 5 in Invocations
  9141 | D:10     | Killed an orc knight
  9142 | D:10     | Reached skill level 1 in Armour
  9229 | D:10     | Identified the +1 leather armour "Jaintiy" {rElec}
  9247 | D:10     | Noticed a necromancer
  9250 | D:10     | Killed a necromancer
  9487 | D:10     | Noticed a deep elf pyromancer
  9531 | Lair:1   | Entered Level 1 of the Lair of Beasts
  9551 | Lair:1   | Acquired a +2 triple sword of holy wrath
 10228 | Lair:2   | Noticed a manticore
 10249 | Lair:2   | Killed a manticore
 10254 | Lair:2   | Found a staircase to the Shoals.
 10267 | Lair:2   | Reached XP level 12. HP: 57/60 MP: 23/23
 10430 | Lair:2   | Reached skill level 15 in Long Blades
 11135 | Lair:3   | Reached skill level 16 in Long Blades
 11177 | Lair:3   | Found a hole to the Spider Nest.
 11211 | Lair:3   | Noticed a five-headed hydra
 11359 | Lair:3   | Noticed a catoblepas
 11368 | Lair:3   | Killed a catoblepas
 11773 | Lair:3   | Killed a five-headed hydra
 12120 | Lair:4   | Reached skill level 17 in Long Blades
 12126 | Lair:4   | Reached XP level 13. HP: 63/63 MP: 24/24
 12394 | Lair:4   | Learned a level 3 spell: Swiftness
 13036 | Lair:5   | Entered Level 5 of the Lair of Beasts
 13158 | Lair:5   | Reached skill level 18 in Long Blades
 13555 | Lair:5   | Found a runed translucent door.
 13555 | Lair:5   | Found a viscous altar of Jiyva.
 13567 | Lair:5   | Found a staircase to the Slime Pits.
 13952 | Lair:5   | Reached skill level 19 in Long Blades
 14047 | Lair:5   | Reached XP level 14. HP: 65/68 MP: 25/25
 14271 | Lair:5   | Acquired a manual of Armour
 14396 | Lair:3   | Reached skill level 20 in Long Blades
 14447 | Shoals:1 | Entered Level 1 of the Shoals
 15030 | Shoals:1 | Reached skill level 5 in Armour
 15501 | Spider:1 | Entered Level 1 of the Spider Nest
 15505 | Spider:1 | Learned a level 2 spell: Call Imp
 16348 | D:11     | Found a staircase to the Orcish Mines.
 17283 | D:12     | Found Zuyts's Distillery.
 17291 | D:12     | Bought a potion of magic for 120 gold pieces
 17291 | D:12     | Bought a potion of resistance for 150 gold pieces
 17291 | D:12     | Bought a potion of haste for 150 gold pieces
 17465 | D:12     | Found a glowing silver altar of Zin.
 17704 | D:13     | Reached skill level 10 in Armour
 17710 | D:13     | Found a frozen archway.
 17760 | D:13     | Found a gate to the Vaults.
 17810 | IceCv    | Entered an ice cave
 18046 | IceCv    | Got the Spellbook of the Serac and Feathers
 18050 | IceCv    | Got the Guide on the Glacier
 18211 | D:13     | Reached XP level 15. HP: 72/72 MP: 26/26
 19659 | D:15     | Entered Level 15 of the Dungeon
 19962 | D:15     | Reached skill level 21 in Long Blades
 20182 | D:15     | Found a staircase to the Depths.
 20601 | D:15     | Identified the +5 halberd of Proximity {freeze, Contam
                  | Int+2 Stlth+}
 21159 | Depths:1 | Entered Level 1 of the Depths
 21654 | Orc:1    | Entered Level 1 of the Orcish Mines
 21654 | Orc:1    | Found Zogas's Assorted Antiques.
 21873 | Orc:1    | Learned a level 3 spell: Vhi's Electric Charge
 21874 | Orc:2    | Entered Level 2 of the Orcish Mines
 21874 | Orc:2    | Found a staircase to the Elven Halls.
 22006 | Orc:2    | Reached skill level 22 in Long Blades
 22006 | Orc:2    | Reached XP level 16. HP: 42/76 MP: 27/27
 22014 | Orc:2    | Found Nudupt's Magic Scroll Boutique.
 22014 | Orc:2    | Found Sythiole's Jewellery Shoppe.
 22016 | Orc:2    | Found Eketros's Antique Armour Boutique.
 22016 | Orc:2    | Found Iraripasu's Book Shoppe.
 22028 | Orc:2    | Bought a pair of glowing boots for 240 gold pieces
 22033 | Orc:2    | Bought a +6 ring of dexterity for 432 gold pieces
 22083 | Orc:2    | Found a gate leading to a gauntlet.
 22238 | Gauntlet | Entered a Gauntlet
 22238 | Gauntlet | Found a transporter.
 22238 | Gauntlet | Found a transporter.
 22245 | Gauntlet | Found a runed translucent door.
 22248 | Gauntlet | Found a transporter.
 22250 | Gauntlet | Found a transporter.
 22258 | Gauntlet | Found a transporter.
 22262 | Gauntlet | Found a transporter.
 22266 | Gauntlet | Found a runed translucent door.
 22266 | Gauntlet | Found a runed translucent door.
 22270 | Gauntlet | Found a transporter.
 22270 | Gauntlet | Found the +7 lajatang of Order {silver, rMut}
 22286 | Gauntlet | Found a transporter.
 22300 | Gauntlet | Found a transporter.
 22304 | Gauntlet | Found a transporter.
 22313 | Gauntlet | Found a transporter.
 22316 | Gauntlet | Found a transporter.
 22340 | Gauntlet | Found the ring of the Tortoise {AC+8}
 22501 | Gauntlet | Identified the +1 leather armour of the Sacrificial Victim
                  | {rPois rC+++ Dex-2 Slay-3}
 22633 | Gauntlet | Got the Commentary on Portals
 22637 | Gauntlet | Identified the +5 glaive "Xuaclik" {heavy, rElec}
 23065 | Orc:1    | Noticed Urug
 23073 | Orc:1    | Killed Urug
 23902 | Shoals:2 | Learned a level 4 spell: Passage of Golubria
 23905 | Shoals:2 | Learned a level 2 spell: Blink
 23909 | Shoals:2 | Learned a level 3 spell: Ozocubu's Armour
 23957 | Shoals:2 | Noticed Polyphemus
 24369 | Shoals:2 | Killed Polyphemus
 25940 | Shoals:3 | Reached skill level 1 in Translocations
 25962 | Shoals:3 | HP: 3/81 [merfolk/+0 trident (2)]
 25967 | Shoals:3 | HP: 1/81 [merfolk impaler/+3 trident of freezing (4)]
 26451 | Shoals:3 | Reached skill level 1 in Air Magic
 27157 | Shoals:3 | Reached XP level 17. HP: 85/85 MP: 28/28
 27429 | Shoals:4 | Entered Level 4 of the Shoals
 27573 | Shoals:4 | HP: 2/85 [alligator snapping turtle (20)]
 28230 | Shoals:4 | Identified the +8 fire dragon scales of Jyung {*Corrode
                  | rPois rF++ rC- Dex-5 Stlth+}
 28371 | Shoals:4 | HP: 4/85 [alligator snapping turtle (16)]
 28372 | Shoals:4 | HP: 1/85 [alligator snapping turtle (5)]
 29599 | Spider:1 | Noticed Frances
 29741 | Spider:1 | Reached skill level 10 in Dodging
 29794 | Spider:1 | Learned a level 3 spell: Kindle Blastsparks
 31588 | Spider:3 | Noticed Bai Suzhen
 31605 | Spider:3 | Killed Bai Suzhen
 31608 | Spider:3 | HP: 1/85 [wolf spider (4)]
 32420 | Spider:3 | Noticed Arachne
 32429 | Spider:3 | Killed from afar by Arachne

Illustrated notes

Levels and vault maps discovered:
D:1:      dpeg_arrival_simpleton_c, layout_basic, amcnicky_mini_pool_small
D:2:      layout_rooms
D:3:      layout_loops_ring, gup_sewer_entry_pipe, serial_shops,
          nicolae_shop_trees, bh_walls_and_bars
D:4:      layout_basic, kiku_gazebo_pond_becter
D:5:      layout_loops_corners, xom_confusion_cloud
D:6:      layout_basic, nicolae_wu_jian_immortal_techniques
D:7:      layout_layer_cave, minmay_temple_entry_fiery, enter_bailey_2
D:8:      layout_layer_cave, mainiacjoe_overflow_cross_hatched, special_room
          [special_room_kobold]
D:9:      layout_cave_pools
D:10:     minmay_chopped_fan, layout_loops_ring, lemuel_doored_altar,
          grunt_temple_overflow_diamond, erik_lair_orcish_takeover
D:11:     layout_cave_pools, erik_orc_1, serial_co_window_serial,
          co_window_paths_a, co_window_corner_a, co_window_paths_a,
          co_window_paths_a, co_window_corner_a, co_window_of_opportunity_b,
          co_window_unsneaky_path_d, co_window_broadway_a, co_window_broadway_b,
          co_window_paths_c, co_window_cross_2, co_window_paths_e,
          glass_columns_b, glass_columns_b
D:12:     layout_rooms, serial_shops, shop, zin_academy
D:13:     layout_basic, david_vaults_1, serial_ice, serial_ice_d, serial_ice_f,
          serial_ice_m, serial_ice_g, serial_ice_c, serial_ice_o,
          portal_ice_cave_entry_ice_simulacra, kennysheep_generic_room_14
D:14:     layout_long_grid, minmay_misc_feat_tiny, palyth_stone_intersect,
          minmay_door_square
D:15:     hangedman_depths_entry_civil_slaughter, layout_gridville,
          kennysheep_flooded_box, minivault_16, minmay_fractal_squares_gapless_7
Temple:   dpeg_chambers_temple
Lair:1:   layout_gridlike
Lair:2:   layout_loops_ring, minmay_shoals_entry_beasts, grunt_megastairs_3
Lair:3:   layout_regular_city, spider_nest_entry_web_field, lemuel_fruit_fields
Lair:4:   layout_regular_city
Lair:5:   hangedman_lair_caniforms_friends, layout_hall_layers, slime_entry_2,
          dreamdust_mushroom_princess, nicolae_quartered_pool_super,
          chequers_serial_rivers_small_3
Shoals:1: layout_shoals
Shoals:2: layout_shoals, nicolae_shoals_songs, uniq_polyphemus
Shoals:3: layout_shoals, st_sunken_huts
Shoals:4: shoals_end_simple, layout_shoals
Spider:1: nicolae_spider_hilbert_zone_2 [nicolae_spider_hilbert_4_sides_1_open,
          nicolae_spider_hilbert_4_sides_1_open,
          nicolae_spider_hilbert_4_sides_1_open,
          nicolae_spider_hilbert_4_sides_1_open,
          nicolae_spider_hilbert_6_sides_1_open,
          nicolae_spider_hilbert_6_sides_1_open,
          nicolae_spider_hilbert_3_sides_1_open,
          nicolae_spider_hilbert_3_sides_1_open,
          nicolae_spider_hilbert_3_sides_1_open,
          nicolae_spider_hilbert_3_sides_1_open,
          nicolae_spider_hilbert_6_sides_1_open,
          nicolae_spider_hilbert_6_sides_1_open,
          nicolae_spider_hilbert_6_sides_1_open,
          nicolae_spider_hilbert_6_sides_1_open], uniq_frances
Spider:2: layout_spider_delve
Spider:3: layout_spider_delve, uniq_bai_suzhen, uniq_arachne
Orc:1:    layout_caves, serial_shops, shop, uniq_urug
Orc:2:    grunt_orc_tribal_feast, layout_caves, gauntlet_entry_generic,
          basic_altar
Depths:1: layout_gridlike, grunt_mini_vestibule, hangedman_abyss_or_decor_slice,
          serial_shops, nicolae_square_shop, shop,
          minmay_mirror_moons_of_madness

Skill      XL: |  1  2  3  4  5  6  7  8  9 10 11 12 13 14 15 16 17 |
---------------+----------------------------------------------------+-----
Long Blades    | 3 4 5 7 10 11 12 14 17 19 20 22 | 22.1
Stealth        | 3 4 5 |  5.1
Dodging        | 5 6 9 12 | 12.7
Fighting       | 5 7 |  7.7
Spellcasting   | 5 7 |  7.1
Invocations    | 5 |  5.1
Armour         | 4 11 12 | 12.0
Translocations | 3 |  3.3
Air Magic      | 3 4 |  4.5

Action                     |  1- 3 |  4- 6 |  7- 9 | 10-12 | 13-15 | 16-18 || total
---------------------------+-------+-------+-------+-------+-------+-------++-------
  Melee: Falchion          |    40 |    90 |   359 |     4 |       |       ||   493
         Bite              |    22 |    63 |   134 |   203 |   383 |   263 ||  1068
         Dagger            |    51 |   107 |    23 |     1 |       |       ||   182
         Punch             |     2 |     2 |     9 |     3 |     6 |       ||    22
         Scimitar          |       |       |       |   557 |   333 |       ||   890
         Rapier            |       |       |       |     3 |       |       ||     3
         Short sword       |       |       |       |    10 |    33 |    15 ||    58
         Triple sword      |       |       |       |       |   695 |   794 ||  1489
  Throw: Dart              |       |       |     3 |       |       |       ||     3
   Cast: Blink             |       |       |       |       |       |     3 ||     3
         Vhi's Electric Ch |       |       |       |       |       |     2 ||     2
 Invoke: Grand Finale      |       |       |       |     1 |       |       ||     1
  Evoke: Wand              |       |       |     6 |     1 |     9 |    15 ||    31
    Use: Scroll            |       |     8 |     6 |    15 |    18 |    12 ||    59
         Potion            |       |     4 |       |       |     1 |     9 ||    14
   Stab: Sleeping          |     3 |     3 |    10 |     7 |    14 |    12 ||    49
         Invisible         |       |       |     4 |     1 |     5 |     4 ||    14
         Paralysed         |       |       |       |    53 |    77 |    63 ||   193
         Distracted        |       |       |       |     1 |     3 |     2 ||     6
         Petrified         |       |       |       |       |     2 |       ||     2
         Confused          |       |       |       |       |     2 |       ||     2
 Armour: Robe              |    22 |    64 |   112 |    90 |       |       ||   288
         Acid dragon scale |       |       |       |   107 |   507 |   340 ||   954
  Dodge: Dodged            |    83 |   127 |   221 |   340 |   756 |   827 ||  2354

Table legend: (Time is in decaauts)
 A = Elapsed time spent in this place.
 B = Non-inter-level travel time spent in this place.
 C = Inter-level travel time spent in this place.
 D = Time resting spent in this place.
 E = Time spent auto-exploring this place.
 F = Levels seen in this place.
 G = Mean time per level.
                   A        B        C        D        E       F      G
               +--------+--------+--------+--------+--------+-----+--------+
         Total |  32133 |  29733 |   2400 |   5032 |  16929 |  35 |  918.1 |
       Dungeon |  14001 |  12943 |   1058 |   1559 |   8025 |  15 |  933.4 |
        Temple |    253 |    207 |     46 |      0 |    192 |   1 |  253.0 |
          Lair |   5196 |   4708 |    488 |    212 |   3396 |   5 | 1039.2 |
        Shoals |   6987 |   6563 |    424 |   2779 |   2389 |   4 | 1746.8 |
   Spider Nest |   2828 |   2635 |    193 |    278 |   1728 |   3 |  942.7 |
  Orcish Mines |   1272 |   1081 |    191 |      0 |    767 |   2 |  636.0 |
        Depths |      7 |      7 |      0 |      0 |      0 |   1 |    7.0 |
         Sewer |    482 |    482 |      0 |      0 |    200 |   1 |  482.0 |
        Bailey |    376 |    376 |      0 |     91 |     25 |   1 |  376.0 |
      Ice Cave |    277 |    277 |      0 |     12 |     70 |   1 |  277.0 |
      Gauntlet |    449 |    449 |      0 |    100 |    136 |   1 |  449.0 |
               +--------+--------+--------+--------+--------+-----+--------+

Top non-repeatable levels by time:
Shoals:3: 2298 daAuts
Shoals:1: 2226 daAuts
Shoals:2: 1960 daAuts
    D:15: 1773 daAuts
  Lair:3: 1366 daAuts
     D:8: 1230 daAuts
  Lair:5: 1214 daAuts
    D:11: 1186 daAuts
Spider:3: 1150 daAuts
Spider:1: 1141 daAuts
    D:10: 1044 daAuts
     D:6: 1042 daAuts
    D:14: 1022 daAuts
  Lair:4: 1000 daAuts
     D:1: 975 daAuts
